 Dungeon Crawl Stone Soup version 0.20.0-15-g7f486f2 (webtiles) character file.

142 Bareth the Cudgeler (level 5, -8/47 HPs)
             Began as a Minotaur Berserker on June 27, 2017.
             Was a Believer of Trog.
             Killed from afar by a wretched star (23 damage)
             ... with an orb of energy
             ... on level 1 of the Abyss.
             The game lasted 00:04:38 (2513 turns).

Bareth the Cudgeler (Minotaur Berserker)            Turns: 2513, Time: 00:04:39

Health: -8/47      AC:  6    Str: 22    XL:     5   Next: 4%
Magic:  4/4        EV: 10    Int:  4    God:    Trog [**....]
Gold:   32         SH:  0    Dex: 10    Spells: 4/4 levels left

rFire    . . .     SeeInvis .   a - +0 mace
rCold    . . .     Gourm    .   (no shield)
rNeg     . . .     Faith    .   o - +0 scale mail
rPois    .         Spirit   .   (helmet restricted)
rElec    .         Reflect  .   (no cloak)
rCorr    .         Harm     .   (no gloves)
MR       .....                  (no boots)
Stlth    ..........             (no amulet)
Regen    0.2/turn               e - ring of ice
MPRegen  0.1/turn               s - ring of fire

@: no status effects
A: retaliatory headbutt, horns 2, [no potion heal 2]
a: Berserk, Trog's Hand, Burn Spellbooks, Renounce Religion


You were on level 1 of the Abyss.
You worshipped Trog.
Trog was pleased with you.
You were not hungry.

You visited 1 branch of the dungeon, and saw 3 of its levels.
You visited the Abyss 1 time.

You collected 32 gold pieces.

Inventory:

Hand Weapons
 a - a +0 mace (weapon)
Armour
 b - a +0 animal skin
 o - a +0 scale mail (worn)
Jewellery
 e - a ring of ice (left hand)
 s - a ring of fire (right hand)
Scrolls
 d - a scroll of recharging {unknown}
 h - a scroll of immolation {unknown}
 i - a scroll of enchant armour {unknown}
 j - a scroll of amnesia {unknown}
 k - 3 scrolls of identify {unknown}
 m - 2 scrolls of remove curse {unknown}
 p - 2 scrolls of fog {unknown}
Potions
 f - 2 potions of mutation {unknown}
 l - a potion of magic {unknown}
 n - a potion of degeneration {unknown}
 q - 2 potions of haste {unknown}
 r - a potion of brilliance {unknown}
 t - a potion of berserk rage {unknown}
Comestibles
 c - a bread ration
 g - 2 royal jellies


   Skills:
 + Level 4.7 Fighting
 * Level 6.2 Maces & Flails
 - Level 2.4 Armour
 - Level 2.1 Dodging


You had 4 spell levels left.
You didn't know any spells.

Dungeon Overview and Level Annotations

Branches:
Dungeon (3/15)

Altars:


Innate Abilities, Weirdness & Mutations

You reflexively headbutt those who attack you in melee.
You have a pair of horns on your head.
[Potions are poor at restoring your health.]


Message History

You start resting.
You feel yourself speed up.
You start resting.
You recover from your berserk rage.
You start resting.
An ice beast emerges from the beyond.
A wretched star comes into view.
You eat one of the 3 royal jellies.
That royal jelly was delicious!
The wretched star glows turbulently.
The orb of energy hits you!
* * * LOW HITPOINT WARNING * * *
The ice beast moves out of view.
The wretched star glows turbulently.
The orb of energy misses you.
The orb of energy explodes!
The wretched star pulses with an eldritch light!
Your system partially rejects the healing effects of potions.
Your system mostly rejects the healing effects of potions.
The wretched star glows turbulently.
The orb of energy hits you!
You die...

## #.
#.### #@.#
##..#
##.#.#
#... ###
.. . .
#.##...#
.# ## .. .
#*#.#.....
....
#.....#. .
#..# ###
#.# # #
..# . #
.###.
##.#... #
.#.


You could see a wretched star.

Vanquished Creatures
  An orc wizard (D:3)
  2 gnolls (D:3)
  4 adders
  3 worms (D:2)
  2 dart slugs (D:2)
  3 leopard geckos
  2 orcs (D:3)
  5 bats
  A giant cockroach (D:2)
  6 goblins
  5 hobgoblins
  A quokka (D:2)
  3 frilled lizards (D:2)
  3 kobolds
  9 rats
50 creatures vanquished.

Notes
Turn   | Place    | Note
-------+----------+-------------------------------------------
     0 | D:1      | Bareth the Minotaur Berserker began the quest for the Orb.
     0 | D:1      | Reached XP level 1. HP: 19/19 MP: 0/0
   265 | D:1      | Reached skill level 4 in Maces & Flails
   493 | D:1      | Reached XP level 2. HP: 27/27 MP: 1/1
  1028 | D:2      | Reached XP level 3. HP: 31/33 MP: 2/2
  1058 | D:2      | Reached ** piety under Trog
  1058 | D:2      | Reached skill level 5 in Maces & Flails
  1648 | D:2      | Reached XP level 4. HP: 31/41 MP: 3/3
  2439 | D:3      | Reached skill level 6 in Maces & Flails
  2440 | D:3      | Reached XP level 5. HP: 38/47 MP: 4/4
  2440 | D:3      | Cast into level 1 of the Abyss (gnoll)
  2440 | Abyss:1  | Found a corrupted altar of Lugonu.
  2488 | Abyss:1  | Noticed an ice beast
  2489 | Abyss:1  | Noticed a wretched star
  2513 | Abyss:1  | Killed from afar by a wretched star

Skill      XL: |  1  2  3  4 |
---------------+-------------+-----
Maces & Flails | 4 5 6 |  6.2
Fighting       | 4 |  4.7
Armour         | |  2.4
Dodging        | |  2.1

Action                   |  1- 3 |  4- 6 || total
-------------------------+-------+-------++-------
Melee: Mace              |    63 |    31 ||    94
       Headbutt          |     8 |     6 ||    14
Invok: Berserk           |       |     1 ||     1
 Stab: Sleeping          |     2 |       ||     2
  Eat: Chunk             |     2 |     2 ||     4
       Royal jelly       |       |     1 ||     1
Armor: Animal skin       |    14 |       ||    14
       Scale mail        |     3 |    17 ||    20
Dodge: Dodged            |    34 |    25 ||    59
